3AAA
BRINKLEY BELUGAS @ CORPUS CHRISTI TWINS
09/08/2018
 
TOP OF THE 1ST
Brinkley Belugas batting - Pitching for Corpus Christi Twins : RHP Allen Wilson
Pitching: RHP Allen Wilson
Batting: RHB Jorge Torrez 0-0: Ball
1-0: Foul Ball, location: 2F
1-1: Ball
2-1: Swinging Strike
2-2: Ball
3-2: Strikes out swinging
Batting: RHB Chris Ross 0-0: Ground out 4-3 (Groundball, 4)
Batting: RHB Dan Mendoza 0-0: Ball
1-0: Ground out 6-3 (Groundball, 56)
Top of the 1st over - 0 run(s), 0 hit(s), 0 error(s), 0 left on base; Brinkley 0 - Corpus Christi 0
BOTTOM OF THE 1ST
Corpus Christi Twins batting - Pitching for Brinkley Belugas : RHP Jim Unknown
Pitching: RHP Jim Unknown
Batting: RHB John Howell 0-0: Called Strike
0-1: Ball
1-1: Ball
2-1: Fly out, F3 (Popup, 3)
Batting: LHB Tim Hill 0-0: Ball
1-0: Called Strike
1-1: Swinging Strike
1-2: Foul Ball, location: 2F
1-2: Ball
2-2: Foul Ball, location: 2F
2-2: Ball
3-2: Foul Ball, location: 2F
3-2: Strikes out looking
Batting: RHB Gonzalo Núñez 0-0: Ball
1-0: Called Strike
1-1: Foul Ball, location: 2F
1-2: Ball
2-2: Ball
3-2: Foul Ball, location: 2F
3-2: Base on Balls
Batting: RHB Bill McCarty 0-0: Called Strike
0-1: Foul Ball, location: 2F
0-2: Ball
1-2: Foul Ball, location: 2F
1-2: Ball
2-2: Reached on error, E6 (Groundball, 6S)
Gonzalo Núñez to second
Batting: LHB Juan Durán 0-0: Called Strike
0-1: Foul Ball, location: 2F
0-2: Ball
1-2: Ball
2-2: Fly out, F7 (Flyball, 7M)
Bottom of the 1st over - 0 run(s), 0 hit(s), 1 error(s), 2 left on base; Brinkley 0 - Corpus Christi 0
TOP OF THE 2ND
Brinkley Belugas batting - Pitching for Corpus Christi Twins : RHP Allen Wilson
Batting: LHB Patrick Larson 0-0: Swinging Strike
0-1: Called Strike
0-2: Ball
1-2: Fly out, F5 (Line Drive, 5S)
Batting: RHB Raykom Mikeladze 0-0: Ball
1-0: Called Strike
1-1: Ball
2-1: Ball
3-1: Base on Balls
Batting: RHB James Bolden 0-0: Ball
1-0: Ball
2-0: Foul Ball, location: 2F
2-1: Called Strike
2-2: Foul Ball, location: 2F
2-2: Foul Ball, location: 2F
2-2: Fly out, F9 (Flyball, 89M)
Batting: RHB James Peterson 0-0: Ball
1-0: Called Strike
1-1: Foul Ball, location: 2F
1-2: Ground out 4-3 (Groundball, 4)
Top of the 2nd over - 0 run(s), 0 hit(s), 0 error(s), 1 left on base; Brinkley 0 - Corpus Christi 0
BOTTOM OF THE 2ND
Corpus Christi Twins batting - Pitching for Brinkley Belugas : RHP Jim Unknown
Batting: RHB Daniel Cooper 0-0: Foul Ball, location: 2F
0-1: Ball
1-1: Ball
2-1: SINGLE (Groundball, 6MD)
Batting: RHB Andrew Floyd 0-0: Ball
1-0: Ball
2-0: Foul Ball, location: 2F
2-1: Foul Ball, location: 2F
2-2: Foul Ball, location: 2F
2-2: Foul Ball, location: 2F
2-2: Foul Ball, location: 2F
2-2: Ball
3-2: 2-RUN HOME RUN (Flyball, 7D), Distance : 390 ft
Batting: RHB Dan Kirk 0-0: Ball
1-0: Ball
2-0: Foul Ball, location: 2F
2-1: Foul Ball, location: 2F
2-2: Foul Ball, location: 2F
2-2: Ball
3-2: Foul Ball, location: 2F
3-2: Base on Balls
Batting: LHB Curtis Peters 0-0: Ball
1-0: Ball
2-0: Ball
3-0: Base on Balls
Dan Kirk to second
Batting: RHB John Howell 0-0: Ball
1-0: Ball
2-0: Called Strike
2-1: Called Strike
2-2: Foul Ball, location: 2F
2-2: Ball
3-2: Foul Ball, location: 2F
3-2: Fly out, F9 (Popup, 34D)
Batting: LHB Tim Hill 0-0: Swinging Strike
0-1: Foul Ball, location: 2F
0-2: Foul Ball, location: 2F
0-2: Foul Ball, location: 2F
0-2: Ball
1-2: Strikes out swinging
Batting: RHB Gonzalo Núñez 0-0: Called Strike
0-1: Ball
1-1: Ball
2-1: Called Strike
2-2: Foul Ball, location: 2F
2-2: DOUBLE (Line Drive, 9LM)
Dan Kirk scores
Curtis Peters to third
Runner from 3rd tries for Home, SAFE, no throw or cutoff
Batting: RHB Bill McCarty 0-0: Ball
1-0: Swinging Strike
1-1: SINGLE (Line Drive, 6D)
Gonzalo Núñez to third
Runner from 3rd tries for Home, throw and OUT!
Bottom of the 2nd over - 4 run(s), 4 hit(s), 0 error(s), 1 left on base; Brinkley 0 - Corpus Christi 4
TOP OF THE 3RD
Brinkley Belugas batting - Pitching for Corpus Christi Twins : RHP Allen Wilson
Batting: RHB Bernardino Minotes 0-0: Called Strike
0-1: Called Strike
0-2: Strikes out swinging
Batting: LHB Manuel Núñez 0-0: Called Strike
0-1: Foul Ball, location: 2F
0-2: Fly out, F8 (Flyball, 78M)
Batting: RHB Jorge Torrez 0-0: Ball
1-0: Called Strike
1-1: Ball
2-1: Fly out, F8 (Flyball, 89M)
Top of the 3rd over - 0 run(s), 0 hit(s), 0 error(s), 0 left on base; Brinkley 0 - Corpus Christi 4
BOTTOM OF THE 3RD
Corpus Christi Twins batting - Pitching for Brinkley Belugas : RHP Jim Unknown
Batting: LHB Juan Durán 0-0: Called Strike
0-1: Ball
1-1: Fly out, F9 (Flyball, 9D)
Batting: RHB Daniel Cooper 0-0: Ball
1-0: Ground out 6-3 (Groundball, 6)
Batting: RHB Andrew Floyd 0-0: Called Strike
0-1: Ball
1-1: Swinging Strike
1-2: Ball
2-2: Strikes out swinging
Bottom of the 3rd over - 0 run(s), 0 hit(s), 0 error(s), 0 left on base; Brinkley 0 - Corpus Christi 4
TOP OF THE 4TH
Brinkley Belugas batting - Pitching for Corpus Christi Twins : RHP Allen Wilson
Batting: RHB Chris Ross 0-0: Ball
1-0: Ball
2-0: Ball
3-0: Called Strike
3-1: SINGLE (Line Drive, 6MD)
Batting: RHB Dan Mendoza 0-0: Foul Ball, location: 2F
0-1: Ball
1-1: Ball
Wild Pitch!
Chris Ross to second
2-1: Called Strike
2-2: Foul Ball, location: 2F
2-2: Strikes out swinging
Batting: LHB Patrick Larson 0-0: Called Strike
0-1: Fly out, F9 (Flyball, 89M)
Batting: RHB Raykom Mikeladze 0-0: Foul Ball, location: 2F
0-1: SINGLE (Line Drive, 89S)
Chris Ross to third
Runner from 3rd tries for Home, SAFE, no throw or cutoff
Batting: RHB James Bolden 0-0: Foul Ball, location: 2F
0-1: Called Strike
0-2: Fly out, F8 (Line Drive, 8RM)
Top of the 4th over - 1 run(s), 2 hit(s), 0 error(s), 1 left on base; Brinkley 1 - Corpus Christi 4
BOTTOM OF THE 4TH
Corpus Christi Twins batting - Pitching for Brinkley Belugas : RHP Jim Unknown
Batting: RHB Dan Kirk 0-0: Swinging Strike
0-1: Ball
1-1: Ball
2-1: Called Strike
2-2: SOLO HOME RUN (Flyball, 78XD), Distance : 423 ft
Batting: LHB Curtis Peters 0-0: Called Strike
0-1: Foul Ball, location: 2F
0-2: Foul Ball, location: 2F
0-2: SINGLE (Groundball, 6MD)
Batting: RHB John Howell 0-0: Called Strike
0-1: Foul Ball, location: 2F
0-2: Ball
1-2: Strikes out looking
Batting: LHB Tim Hill 0-0: Foul Ball, location: 2F
0-1: Ball
1-1: Ball
2-1: Foul Ball, location: 2F
2-2: Strikes out swinging
Batting: RHB Gonzalo Núñez 0-0: Foul Ball, location: 2F
0-1: Fly out, F7 (Line Drive, 7S)
Bottom of the 4th over - 1 run(s), 2 hit(s), 0 error(s), 1 left on base; Brinkley 1 - Corpus Christi 5
TOP OF THE 5TH
Brinkley Belugas batting - Pitching for Corpus Christi Twins : RHP Allen Wilson
Batting: RHB James Peterson 0-0: Ball
1-0: Ball
2-0: SINGLE (Groundball, 4MD)
Batting: RHB Bernardino Minotes 0-0: SINGLE (Line Drive, 6MD)
James Peterson to second
Batting: LHB Manuel Núñez 0-0: Ball
1-0: Foul Ball, location: 2F
1-1: Called Strike
1-2: Ball
2-2: Fly out, F3 (Popup, 3F)
Batting: RHB Jorge Torrez 0-0: Ball
1-0: Called Strike
1-1: Ball
2-1: Grounds into double play, 1-6-3 (Groundball, 13S)
Top of the 5th over - 0 run(s), 2 hit(s), 0 error(s), 1 left on base; Brinkley 1 - Corpus Christi 5
BOTTOM OF THE 5TH
Corpus Christi Twins batting - Pitching for Brinkley Belugas : RHP Jim Unknown
Batting: RHB Bill McCarty 0-0: Ball
1-0: Foul Ball, location: 2F
1-1: Swinging Strike
1-2: Ball
2-2: Ground out 1-3 (Groundball, 13S)
Batting: LHB Juan Durán 0-0: Called Strike
0-1: Foul Ball, location: 2F
0-2: SINGLE (Groundball, 56)
Pitching: RHP Branislav Stankovic
Batting: RHB Daniel Cooper 0-0: Ball
1-0: Ball
2-0: Grounds into double play, 5-4-3 (Groundball, 5)
Bottom of the 5th over - 0 run(s), 1 hit(s), 0 error(s), 0 left on base; Brinkley 1 - Corpus Christi 5
TOP OF THE 6TH
Brinkley Belugas batting - Pitching for Corpus Christi Twins : RHP Allen Wilson
Batting: RHB Chris Ross 0-0: Called Strike
0-1: Called Strike
0-2: Fly out, F4 (Popup, 4MD)
Batting: RHB Dan Mendoza 0-0: Ball
1-0: Called Strike
1-1: SINGLE (Groundball, 56)
Pitching: RHP Dan Riggs
Batting: LHB Patrick Larson 0-0: Ball
1-0: Foul Ball, location: 2F
1-1: Foul Ball, location: 2F
1-2: Ball
2-2: Fielders Choice at 2nd, 3-6 (Groundball, 34)
Batting: RHB Raykom Mikeladze 0-0: Ball
1-0: Ball
2-0: Ball
3-0: Called Strike
3-1: Swinging Strike
3-2: Strikes out swinging
Top of the 6th over - 0 run(s), 1 hit(s), 0 error(s), 1 left on base; Brinkley 1 - Corpus Christi 5
BOTTOM OF THE 6TH
Corpus Christi Twins batting - Pitching for Brinkley Belugas : RHP Branislav Stankovic
Batting: RHB Andrew Floyd 0-0: Swinging Strike
0-1: Ball
1-1: Ground out 6-3 (Groundball, 6M)
Batting: RHB Dan Kirk 0-0: Foul Ball, location: 2F
0-1: Ground out 4-3 (Groundball, 4)
Batting: LHB Curtis Peters 0-0: Ball
1-0: Ball
2-0: Called Strike
2-1: Swinging Strike
2-2: Reached on Error, E6 (Popup, 56)
Batting: RHB John Howell 0-0: Called Strike
0-1: Foul Ball, location: 2F
0-2: Ball
1-2: Ball
2-2: SINGLE (Line Drive, 6M)
Curtis Peters to second
Batting: LHB Tim Hill 0-0: Called Strike
0-1: Foul Ball, location: 2F
0-2: Ball
1-2: Foul Ball, location: 2F
1-2: Ball
2-2: Ball
3-2: Foul Ball, location: 2F
3-2: Foul Ball, location: 2F
3-2: Foul Ball, location: 2F
3-2: Base on Balls
Curtis Peters to third
John Howell to second
Batting: RHB Gonzalo Núñez 0-0: Foul Ball, location: 2F
0-1: Swinging Strike
0-2: Ball
1-2: Ball
2-2: Ball
3-2: Strikes out swinging
Bottom of the 6th over - 0 run(s), 1 hit(s), 1 error(s), 3 left on base; Brinkley 1 - Corpus Christi 5
TOP OF THE 7TH
Brinkley Belugas batting - Pitching for Corpus Christi Twins : RHP Dan Riggs
Batting: RHB James Bolden 0-0: Called Strike
0-1: Called Strike
0-2: Ball
1-2: Strikes out swinging
Batting: RHB James Peterson 0-0: Ball
1-0: Ball
2-0: Ball
3-0: Base on Balls
Batting: RHB Bernardino Minotes 0-0: Foul Ball, location: 2F
0-1: Foul Ball, location: 2F
0-2: Strikes out looking
Batting: LHB Manuel Núñez 0-0: Foul Ball, location: 2F
0-1: Ball
1-1: Ball
2-1: Foul Ball, location: 2F
2-2: Ground out 4-3 (Groundball, 4)
Top of the 7th over - 0 run(s), 0 hit(s), 0 error(s), 1 left on base; Brinkley 1 - Corpus Christi 5
BOTTOM OF THE 7TH
Corpus Christi Twins batting - Pitching for Brinkley Belugas : RHP Branislav Stankovic
Batting: RHB Bill McCarty 0-0: Called Strike
0-1: Ball
1-1: Ground out 6-3 (Groundball, 4MS)
Pitching: RHP Mike Salazar
Batting: LHB Juan Durán 0-0: Foul Ball, location: 2F
0-1: Ball
1-1: Fly out, F7 (Flyball, 7M)
Batting: RHB Daniel Cooper 0-0: Called Strike
0-1: Ball
1-1: Ball
2-1: Ball
3-1: SINGLE (Line Drive, 78M)
Batting: RHB Andrew Floyd 0-0: Ball
1-0: Fly out, F8 (Flyball, 8LS)
Bottom of the 7th over - 0 run(s), 1 hit(s), 0 error(s), 1 left on base; Brinkley 1 - Corpus Christi 5
TOP OF THE 8TH
Brinkley Belugas batting - Pitching for Corpus Christi Twins : RHP Dan Riggs
Batting: RHB Jorge Torrez 0-0: Swinging Strike
0-1: Ball
1-1: Foul Ball, location: 2F
1-2: Ball
2-2: Foul Ball, location: 2F
2-2: Strikes out swinging
Pitching: LHP Craig Bolton
Batting: RHB Chris Ross 0-0: Ball
1-0: Fly out, F9 (Flyball, 9M)
Batting: RHB Dan Mendoza 0-0: Ball
1-0: Foul Ball, location: 2F
1-1: Swinging Strike
1-2: Reached on error, E5 (Groundball, 56)
Batting: LHB Patrick Larson 0-0: Called Strike
0-1: Ball
1-1: Foul Ball, location: 2F
1-2: Ball
2-2: Ball
3-2: Foul Ball, location: 2F
3-2: Foul Ball, location: 2F
3-2: Base on Balls
Dan Mendoza to second
Pitching: RHP Jason Mosley
Batting: RHB Raykom Mikeladze 0-0: Ball
1-0: Swinging Strike
1-1: Swinging Strike
1-2: Ball
2-2: Strikes out looking
Top of the 8th over - 0 run(s), 0 hit(s), 1 error(s), 2 left on base; Brinkley 1 - Corpus Christi 5
BOTTOM OF THE 8TH
Corpus Christi Twins batting - Pitching for Brinkley Belugas : RHP Mike Salazar
Batting: RHB Dan Kirk 0-0: Ball
1-0: SINGLE (Flyball, 8LS)
Batting: LHB Curtis Peters 0-0: Grounds into double play, 4-6-3 (Groundball, 4)
Batting: RHB John Howell 0-0: Called Strike
0-1: Foul Ball, location: 2F
0-2: Foul Ball, location: 2F
0-2: Fly out, F7 (Flyball, 7M)
Bottom of the 8th over - 0 run(s), 1 hit(s), 0 error(s), 0 left on base; Brinkley 1 - Corpus Christi 5
TOP OF THE 9TH
Brinkley Belugas batting - Pitching for Corpus Christi Twins : RHP Jason Mosley
Batting: RHB James Bolden 0-0: Ball
1-0: Called Strike
1-1: Ground out 6-3 (Groundball, 6)
Batting: RHB James Peterson 0-0: Ball
1-0: Called Strike
1-1: Ground out 6-3 (Groundball, 56)
Batting: RHB Bernardino Minotes 0-0: Called Strike
0-1: Swinging Strike
0-2: Ball
1-2: Foul Ball, location: 2F
1-2: Strikes out swinging
Top of the 9th over - 0 run(s), 0 hit(s), 0 error(s), 0 left on base; Brinkley 1 - Corpus Christi 5
This league is powered by Out of the Park Baseball, the baseball management simulation game for PC, Mac and Linux
Monday, May 4th, 2015 - OOTP Baseball 15.6 Build 34